 Dungeon Crawl Stone Soup version 0.22.1-1-ga44c0e5 (webtiles) character file.

1043 KingBarabbas the Shield-Bearer (level 8, -10/70 HPs)
             Began as a Minotaur Fighter on Nov 1, 2018.
             Was a Follower of Makhleb.
             Mangled by Prince Ribbit (14 damage)
             ... on level 5 of the Dungeon.
             The game lasted 00:47:59 (4307 turns).

KingBarabbas the Shield-Bearer (Minotaur Fighter)   Turns: 4307, Time: 00:47:59

Health: -10/70     AC: 13    Str: 23    XL:     8   Next: 4%
Magic:  7/7        EV:  9    Int:  5    God:    Makhleb [*.....]
Gold:   256        SH: 10    Dex: 10    Spells: 7/7 levels left

rFire    . . .     SeeInvis .   r - +3 dagger
rCold    . . .     Gourm    .   c - +0 shield
rNeg     . . .     Faith    .   b - +0 scale mail
rPois    .         Spirit   .   (helmet restricted)
rElec    .         Reflect  .   u - +2 cloak
rCorr    .         Harm     .   w - +1 pair of gloves
MR       .....                  (no boots)
Stlth    ..........             (no amulet)
HPRegen  0.21/turn              j - ring of wizardry
MPRegen  0.10/turn              (no ring)

@: flying
A: retaliatory headbutt, horns 2
a: Renounce Religion


You were on level 5 of the Dungeon.
You worshipped Makhleb.
Makhleb was aware of your devotion.
You were not hungry.

You visited 1 branch of the dungeon, and saw 5 of its levels.

You collected 256 gold pieces.

Inventory:

Hand Weapons
 a - a +0 trident
 e - a +0 club
 g - a +0 hunting sling
 h - a +0 whip
 k - a +0 dagger
 o - a +0 short sword
 q - a +0 spear
 r - a +3 dagger (weapon)
 x - a +0 club
 J - a +0 whip of freezing
Missiles
 z - 2 silver tomahawks (quivered)
Armour
 b - a +0 scale mail (worn)
 c - a +0 shield (worn)
 i - a +0 leather armour
 l - a +0 ring mail
 u - a +2 cloak (worn)
 v - a +0 pair of gloves
 w - a +1 pair of gloves (worn)
 y - a +0 leather armour
 E - a +0 robe
 H - a +0 animal skin
Jewellery
 j - a ring of wizardry (left hand)
Wands
 A - a wand of paralysis (25)
 I - a wand of acid (7)
Scrolls
 p - 4 scrolls of identify
 s - 2 scrolls of enchant armour
 t - a scroll of teleportation {unknown}
 B - 2 scrolls of amnesia
 D - 3 scrolls of remove curse {unknown}
Potions
 d - a potion of might
 m - a potion of curing
 n - 4 potions of heal wounds {unknown}
 C - 2 potions of degeneration {unknown}
 F - a potion of invisibility {unknown}
 G - a potion of flight
Comestibles
 f - 7 rations


   Skills:
 * Level 5.6 Fighting
 + Level 4.2 Short Blades
 * Level 3.7 Maces & Flails
 + Level 2.6 Polearms
 + Level 6.1 Armour
 + Level 2.8 Dodging
 + Level 6.4 Shields


You had 7 spell levels left.
You didn't know any spells.
Your spell library contained the following spells:

 Spells                   Type           Power        Failure   Level  Hunger
 Confusing Touch          Hex            #.....       80%         1    ##.....
 Confuse                  Hex            #.......     98%         3    ####...
 Gell's Gravitas          Tloc           #.........   98%         3    ####...
 Petrify                  Tmut/Erth      #.......     100%        4    #####..
 Metabolic Englaciation   Hex/Ice        #.........   100%        5    ######.
 Yara's Violent Unravell  Hex/Tmut       #.........   100%        5    ######.


Dungeon Overview and Level Annotations

Branches:
Dungeon (5/15)
 Temple: D:4-7

Altars:
Makhleb
Yredelemnul

Annotations:
D:5 Dowan, Prince Ribbit


Innate Abilities, Weirdness & Mutations

You reflexively headbutt those who attack you in melee.
You have a pair of horns on your head.


Message History

You miss Dowan.
You feel sick.
Dowan gestures wildly while chanting.
Dowan blinks!
You miss Prince Ribbit.
Prince Ribbit is moderately wounded.
You feel sick.
Prince Ribbit hits you but does no damage.
You barely miss Prince Ribbit.
Prince Ribbit is moderately wounded.
You block Prince Ribbit's attack.
You closely miss Prince Ribbit. Your headbutt misses Prince Ribbit.
Prince Ribbit is moderately wounded.
You block Prince Ribbit's attack. Prince Ribbit hits you!
* * * LOW HITPOINT WARNING * * *
It was a potion of curing.
You feel better. Prince Ribbit hits you!
* * * LOW HITPOINT WARNING * * *
It was a potion of flight.
You feel very buoyant.
You fly up into the air.
Prince Ribbit hits you!
You die...

###.# #..#.##### #.#
#..#.....#
########.#####..#.....#
............##..#.....#
............##..#.....#
............##..#...#####
........e...##..#.....#..
....####F#####..#.....#..
.... #@# #.............
... #.# #............. .
#.###...........##
#.#....)..........
#.#.#...#.........
#.#.#.......#####'
#.#.......#.# #.
#.#########.# #. ..# #.


You could see Prince Ribbit and Dowan.

Vanquished Creatures
  Pikel (D:4)
  Duvessa (D:5)
  An ice beast (D:5)
  A slave (D:4)
  An ogre (D:4)
  A bullfrog (D:4)
  2 hounds
  2 worker ants
  2 hound skeletons (D:4)
  3 adders
  2 shadow imps
  A worm (D:3)
  A leopard gecko (D:1)
  2 orcs
  10 bats
  5 giant cockroaches
  8 goblins
  5 hobgoblins
  9 jackals
  A quokka (D:2)
  7 frilled lizards
  7 kobolds
  7 rats
80 creatures vanquished.

Notes
Turn   | Place    | Note
-------+----------+-------------------------------------------
     0 | D:1      | KingBarabbas the Minotaur Fighter began the quest for the
                  | Orb.
     0 | D:1      | Reached XP level 1. HP: 19/19 MP: 0/0
   198 | D:1      | Reached XP level 2. HP: 20/27 MP: 1/1
  1024 | D:1      | Reached XP level 3. HP: 33/33 MP: 2/2
  1132 | D:2      | Found a basalt altar of Yredelemnul.
  1445 | D:2      | Found a burning altar of Makhleb.
  1477 | D:2      | Became a worshipper of Makhleb the Destroyer
  2002 | D:3      | Reached skill level 1 in Dodging
  2002 | D:3      | Reached XP level 4. HP: 38/40 MP: 3/3
  2820 | D:4      | Noticed a bullfrog
  2830 | D:4      | Killed a bullfrog
  2830 | D:4      | Reached skill level 1 in Short Blades
  2830 | D:4      | Reached XP level 5. HP: 46/46 MP: 4/4
  2932 | D:4      | Reached skill level 5 in Armour
  2942 | D:4      | Reached skill level 1 in Maces & Flails
  2942 | D:4      | Reached skill level 5 in Shields
  3198 | D:4      | Noticed an ogre
  3215 | D:4      | Killed an ogre
  3215 | D:4      | Reached XP level 6. HP: 53/53 MP: 5/5
  3422 | D:4      | Reached * piety under Makhleb
  3453 | D:4      | Noticed a slave
  3475 | D:4      | Killed a slave
  3502 | D:4      | Noticed Pikel
  3502 | D:4      | Noticed a slave
  3502 | D:4      | Noticed a slave
  3502 | D:4      | Noticed a slave
  3535 | D:4      | Killed Pikel
  3535 | D:4      | Reached skill level 5 in Fighting
  3535 | D:4      | Reached XP level 7. HP: 43/61 MP: 6/6
  3844 | D:5      | Entered Level 5 of the Dungeon
  4272 | D:5      | Noticed Duvessa
  4272 | D:5      | Noticed Prince Ribbit
  4272 | D:5      | Noticed Dowan
  4299 | D:5      | Killed Duvessa
  4299 | D:5      | Reached XP level 8. HP: 33/70 MP: 7/7
  4307 | D:5      | Mangled by Prince Ribbit

Skill      XL: |  1  2  3  4  5  6  7 |
---------------+----------------------+-----
Shields        | 4 5 6 |  6.4
Armour         | 4 5 6 |  6.1
Fighting       | 4 5 |  5.6
Dodging        | 1 2 |  2.8
Short Blades   | 1 2 3 4 |  4.2
Maces & Flails | 1 3 |  3.7
Polearms       | |  2.6

Action                   |  1- 3 |  4- 6 |  7- 9 || total
-------------------------+-------+-------+-------++-------
Melee: Trident           |     7 |       |       ||     7
       Whip              |    28 |       |       ||    28
       Club              |     3 |       |       ||     3
       Headbutt          |    11 |    18 |    10 ||    39
       Short sword       |    21 |       |       ||    21
       Dagger            |    50 |   117 |    64 ||   231
  Use: Scroll            |     3 |       |       ||     3
       Potion            |       |       |     2 ||     2
  Eat: Chunk             |     2 |     6 |       ||     8
       Ration            |       |       |     1 ||     1
Armor: Scale mail        |    50 |    44 |    12 ||   106
Dodge: Dodged            |    34 |    28 |    15 ||    77
Block: Shield            |    62 |    52 |    26 ||   140
